 Dungeon Crawl Stone Soup version 0.31-a0-986-g5e6e4ef867 (webtiles) character file.

Game seed: 7334768377946814495

67309 wildpjah the Severer (level 15, -1/216 HPs)
             Began as a Hill Orc Fighter on Nov 12, 2023.
             Was the Champion of Okawaru.
             Killed by divine providence
             ... invoked by an orc priest
              (13 damage)
             ... on level 2 of the Orcish Mines on Nov 14, 2023.
             The game lasted 00:46:02 (15363 turns).

wildpjah the Severer (Hill Orc Fighter)            Turns: 15363, Time: 00:46:02

Health: -1/216     AC: 27    Str: 31    XL:     15   Next: 22%
Magic:  16/22      EV:  2    Int: 10    God:    Okawaru [******]
Gold:   740        SH:  7    Dex: 10    Spells: 11/15 levels left

rFire   . . .        X - +8 mithril axe "Arga" {speed, Will+}
rCold   . . .        c - +0 buckler
rNeg    . . .        Y - melded +5 gold dragon scales "Hero's Friend" {Rampage *Corrode rPois rF+ rC+ Regen+}
rPois   +            w - melded +2 helmet
rElec   .            z - melded +1 cloak {rCorr}
rCorr   .            (gloves currently unavailable)
SInv    .            M - melded +0 pair of boots
Will    +++..        B - amulet of regeneration
Stlth   +++          A - ring of poison resistance
HPRegen 1.36/turn    Q - +6 ring of strength
MPRegen 0.18/turn

%: no passive effects
@: tree-form, heroic, finesse-ful, enlightened
A: stationary, stasis, torment immunity, boosted hp
a: Renounce Religion, Convert to Beogh, Heroism, Finesse, Duel


You were on level 2 of the Orcish Mines.
You worshipped Okawaru.
Okawaru was exalted by your worship.
You were a tree.
You visited 4 branches of the dungeon, and saw 20 of its levels.

You collected 1650 gold pieces.
You spent 910 gold pieces at shops.

Inventory:

Hand Weapons
 k - a +0 whip of holy wrath
 u - a +4 war axe
 C - a +2 mace of freezing
 X - the +8 mithril axe "Arga" (weapon) {speed, Will+}
   (Okawaru gifted it to you on level 1 of the Lair of Beasts)

   Will+:     It increases your willpower.
Missiles
 a - 10 boomerangs
 S - 8 silver javelins
Armour
 c - a +0 buckler (worn)
 r - the +6 chain mail of Feasting {rElec}
   (You found it on level 2 of the Dungeon)

   rElec:     It insulates you from electricity.
 v - the +8 chain mail of the Bruised Stories {rPois rF- Str+3 Dex+5}
   (You took it off an orc on level 3 of the Dungeon)

   Str+3:     It affects your strength (+3).
   Dex+5:     It affects your dexterity (+5).
   rF-:       It makes you vulnerable to fire.
   rPois:     It protects you from poison
 w - a +2 helmet (melded)
 z - a +1 cloak of preservation (melded)
 M - a +0 pair of boots (melded)
 Y - the +5 gold dragon scales "Hero's Friend" (melded) {Rampage *Corrode rPois rF+ rC+ Regen+}
   (Okawaru gifted it to you on level 1 of the Lair of Beasts)

   rF+:       It protects you from fire.
   rC+:       It protects you from cold.
   rPois:     It protects you from poison Regen+: It increases your rate of
   health regeneration.
   *Corrode:  It may corrode you when you take damage.
   Rampage:   It bestows one free step when moving towards enemies.
Jewellery
 e - a ring of fire
 A - a ring of poison resistance (left branch)
 B - an amulet of regeneration (around neck)
 F - a ring of wizardry
 H - an amulet of reflection
 Q - a +6 ring of strength (right branch)
Wands
 y - a wand of mindburst (24)
 G - a wand of polymorph (10)
 I - a wand of digging (17)
 N - a wand of roots (11)
 O - a wand of flame (36) (quivered)
 U - a wand of light (8)
Scrolls
 b - a scroll of amnesia
 h - 6 scrolls of teleportation
 j - a scroll of enchant armour
 m - 5 scrolls of vulnerability
 n - 2 scrolls of fear
 p - a scroll of poison
 t - a scroll of noise
 x - 3 scrolls of immolation
 D - 2 scrolls of enchant weapon {unknown}
 E - a scroll of butterflies
 P - a scroll of blinking
 R - 3 scrolls of revelation
 V - 2 scrolls of fog {unknown}
 W - 5 scrolls of identify
 Z - a scroll of brand weapon {unknown}
Potions
 d - 5 potions of might
 f - 2 potions of enlightenment
 g - 2 potions of lignification
 i - 3 potions of curing {unknown}
 l - 3 potions of heal wounds {unknown}
 o - a potion of invisibility {unknown}
 q - 4 potions of brilliance {unknown}
 s - 4 potions of resistance {unknown}
 J - 2 potions of mutation {unknown}
 K - 2 potions of attraction {unknown}
 L - 5 potions of haste {unknown}
 T - 2 potions of degeneration


   Skills:
 * Level 16.0(21.0) Fighting
 * Level 20.5(25.6) Axes
 - Level 0.8(16.5) Maces & Flails
 - Level 2.4(16.7) Polearms
 - Level 1.2(6.2) Throwing
 * Level 12.8(17.8) Armour
 + Level 3.5(8.5) Dodging
 + Level 1.3(6.3) Stealth
 + Level 8.9(13.9) Shields
 + Level 0.7 Spellcasting
 * Level 1.1 Hexes
 - Level 10.2 Invocations
 + Level 0.3 Evocations


You had 11 spell levels left.
You knew the following spells:

 Your Spells              Type           Power      Damage    Failure   Level
a - Leda's Liquefaction   Hex/Erth       0%         N/A       96%         4

Your spell library contained the following spells:

 Spells                   Type           Power      Damage    Failure   Level
 Slow                     Hex            8%         N/A       24%         1
 Foxfire                  Conj/Fire      0%         2x1d4     36%         1
 Magic Dart               Conj           0%         1d3       36%         1
 Sandblast                Erth           0%         2d4       36%         1
 Blink                    Tloc           0%         N/A       50%         2
 Cigotuvi's Dreadful Rot  Necr/Pois/Air  0%         N/A       50%         2
 Lesser Beckoning         Tloc           0%         N/A       50%         2
 Momentum Strike          Conj/Tloc      0%         3d8       50%         2
 Passwall                 Tmut/Erth      0%         N/A       50%         2
 Sublimation of Blood     Necr           0%         N/A       50%         2
 Wereblood                Tmut           0%         N/A       50%         2
 Confusing Touch          Hex            2%         N/A       56%         3
 Sigil of Binding         Hex            2%         N/A       56%         3
 Gell's Gravitas          Tloc           0%         N/A       75%         3
 Mephitic Cloud           Conj/Pois/Air  0%         N/A       75%         3
 Stone Arrow              Conj/Erth      0%         3d7       75%         3
 Teleport Other           Tloc           0%         N/A       75%         3
 Vampiric Draining        Necr           0%         2d6       75%         3
 Volatile Blastmotes      Fire/Tloc      0%         2d10      75%         3
 Dimensional Bullseye     Hex/Tloc       0%         N/A       96%         4
 Fulminant Prism          Conj/Hex       0%         3d5       96%         4
 Brom's Barrelling Bould  Conj/Erth      0%         2d3       98%         4
 Dispel Undead            Necr           0%         3d6       98%         4
 Iskenderun's Mystic Bla  Conj/Tloc      0%         2d3       98%         4
 Passage of Golubria      Tloc           0%         N/A       98%         4
 Borgnjor's Vile Clutch   Necr/Erth      0%         N/A       100%        5
 Yara's Violent Unravell  Hex/Tmut       0%         3d3       100%        5
 Dispersal                Tloc           0%         N/A       100%        6
 Plasma Beam              Fire/Air       0%         2x1d10    100%        6
 Starburst                Conj/Fire      0%         6d3       100%        6
 Call Imp                 Summ           Unusable   N/A       N/A         2
 Tukima's Dance           Hex            Unusable   N/A       N/A         3
 Call Canine Familiar     Summ           Unusable   N/A       N/A         3
 Animate Dead             Necr           Unusable   N/A       N/A         4
 Death Channel            Necr           Unusable   N/A       N/A         6
 Malign Gateway           Summ/Tloc      Unusable   N/A       N/A         7
 Summon Hydra             Summ           Unusable   N/A       N/A         7
 Summon Horrible Things   Summ           Unusable   N/A       N/A         8

Dungeon Overview and Level Annotations

Branches:
Dungeon (12/15)            Temple (1/1) D:4            Lair (5/5) D:10
 Shoals (0/4) Lair:2        Snake (0/4) Lair:2        Slime (0/5) Lair:4
    Orc (2/2) D:11
    Elf: Orc:2

Altars:
Ashenzari
Cheibriados
Dithmenos
Elyvilon
Fedhas
Gozag
Hepliaklqana
Kikubaaqudgha
Makhleb
Nemelex Xobeh
Okawaru
Qazlal
Ru
Sif Muna
Trog
Uskayaw
Vehumet
Wu Jian
Xom
Yredelemnul
Zin
The Shining One
Beogh

Shops:
D:8 !   Orc:1 :   Orc:2 (=(

Annotations:
D:12 Lodul
Lair:1 exclusion: orange crystal statue


Message History

Reactivating autopickup.
You feel a bit more experienced.
The orc priest shouts, "Surrender to Beogh and we'll let you live!"
You slice the orc high priest!!
The orc high priest is severely wounded.
You closely miss the orc high priest.
The red devil hits you but does no damage.
The orc high priest shouts, "Surrender to Beogh and we'll let you live!"
You slice the orc high priest!!
You kill the orc high priest!
Okawaru accepts your kill.
The red devil disappears in a puff of smoke!
You closely miss the orc high priest.
The orc high priest shouts, "Surrender to Beogh and we'll let you live!" x2
The orc high priest utters an invocation to Beogh.
An orc priest comes into view. It is wielding a +0 club.
The orc high priest mumbles some strange prayers to Beogh against you.
Beogh smites you!
* * * LOW HITPOINT WARNING * * *
The orc priest shouts, "Surrender to Beogh and we'll let you live!"
It was a potion of enlightenment.
You feel very buoyant.
You fly up into the air.
The orc priest mumbles some strange prayers to Beogh against you.
Beogh smites you!
* * * LOW HITPOINT WARNING * * *
The orc priest looks braver for a moment.
The orc sorcerer hits you but does no damage.
The orc high priest hits you but does no damage. x2
The orc priest threatens, "By the altar or by the axe, you will meet Beogh!"
The orc high priest threatens, "By the altar or by the axe, you will meet Beogh!"
It was a potion of lignification.
You turn into a tree.
Your +1 cloak of preservation melds into your body.
Your +2 helmet melds into your body.
Your +0 pair of boots melds into your body.
The +5 gold dragon scales "Hero's Friend" {Rampage *Corrode rPois rF+ rC+ Regen+} melds into your body.
Your roots penetrate the ground.
The orc priest mumbles some strange prayers to Beogh against you.
Beogh smites you!
You die...

##.#...#........#.........#.
#......##..#..............##
##......#)#.)...............
...........)................
.......)))).................
######)))######..........##
#....).)......##...........
#..........)....##..........
......#####♣)§...#.....#....
...... #oo.....#.#..##.##.
.....# ooo#.....#........#.
....# #.oo# #....#..........
..#. #.oo. .#..#..#.#.....
...#o# ##..#.######.#. ...∩.
.#.# #### ...#∩ #. #.


You could see 3 orc high priests, an orc sorcerer, an orc warrior, 4 orc priests
and an orc.

Vanquished Creatures
  Kirke (Lair:5)
  A dire elephant (Lair:5)
  Josephine (D:10)
  Snorg (Lair:5)
  6 hydras
  Erica (Lair:2)
  2 boulder beetles
  3 two-headed ogres
  A centaur warrior (D:8)
  2 orc high priests
  Nergalle (Lair:2)
  Amaemon (Lair:3)
  2 skysharks (Lair:5)
  A spectral anaconda (Lair:5)
  3 spectral death yaks (Lair:5)
  An obsidian statue (Lair:5)
  3 necromancers (Lair:5)
  An orc knight (Orc:1)
  An ugly thing (D:12)
  2 orc sorcerers (Orc:1)
  10 elephants (Lair:5)
  A merfolk siren (Lair:2)
  7 black mambas
  2 torpor snails
  An orange demon (Lair:3)
  17 cane toads
  An unseen horror zombie (D:10)
  2 unseen horrors (D:11)
  Maggie (D:6)
  3 rime drakes
  A kobold demonologist (D:12)
  3 komodo dragons
  7 trolls
  2 polar bears
  3 hornets
  7 blink frogs
  A spectral elephant (Lair:5)
  23 dream sheep
  9 slime creatures (D:12)
  8 wraiths (D:10)
  3 shadows
  3 hogs (Lair:5)
  A vampire (D:10)
  42 yaks
  Eustachio (D:5)
  A basilisk (Lair:5)
  2 wyverns (Lair:5)
  A warg (Orc:2)
  Menkaure (D:5)
  A death yak simulacrum (Lair:5)
  7 vampire mosquitoes (D:12)
  Edmund (D:4)
  An acid dragon (D:10)
  17 water moccasins
  4 black bears
  23 orc warriors
  2 elephant zombies (Lair:5)
  3 sky beasts
  3 ice beasts
  4 ogres
  11 wolves (Lair:2)
  An elephant skeleton (Lair:5)
  14 centaurs
  3 phantoms (D:5)
  The ghost of SirDiesAlot the Firebug, an amateur OpFE (D:3)
  8 kobold brigands
  3 gnoll sergeants (D:11)
  17 bullfrogs
  2 scorpions (D:5)
  4 cane toad simulacra (Lair:5)
  8 wights
  7 killer bees
  An electric eel (Lair:4)
  A howler monkey (D:11)
  3 lava snakes (Lair:1)
  4 centaur zombies (D:10)
  7 hounds
  Crazy Yiuf (D:4)
  18 orc priests
  2 gnoll boudas
  5 jellies
  2 iguanas
  3 sleepcaps
  26 orc wizards
  A howler monkey zombie (D:10)
  17 gnolls
  9 adders
  A shadow imp (D:7)
  A white imp (D:7)
  6 worms
  2 dart slugs
  68 orcs
  12 endoplasms
  5 giant cockroaches
  10 hobgoblins
  2 jackals (D:1)
  2 quokkas
  7 ball pythons
  5 bats
  2 frilled lizards (D:1)
  5 goblins
  19 kobolds
  5 rats
596 creatures vanquished.

Vanquished Creatures (others)
  A vampire (D:10)
1 creature vanquished.

Grand Total: 597 creatures vanquished

Notes
Turn   | Place    | Note
-------+----------+-------------------------------------------
     0 | D:1      | wildpjah the Hill Orc Fighter began the quest for the Orb.
     0 | D:1      | Reached XP level 1. HP: 19/19 MP: 1/1
   121 | D:1      | Reached XP level 2. HP: 27/27 MP: 2/2
   573 | D:1      | Reached skill level 3 in Axes
   573 | D:1      | Reached XP level 3. HP: 24/33 MP: 3/3
   962 | D:2      | Reached XP level 4. HP: 40/40 MP: 4/4
   973 | D:2      | Reached skill level 4 in Axes
  1307 | D:2      | Identified the +6 chain mail of Feasting {rElec}
  1568 | D:3      | Reached XP level 5. HP: 41/46 MP: 5/5
  1583 | D:3      | Reached skill level 5 in Axes
  1729 | D:3      | Found a stormy altar of Qazlal.
  1730 | D:3      | Found a shadowy altar of Dithmenos.
  1762 | D:3      | Reached skill level 1 in Dodging
  1893 | D:3      | Reached XP level 6. HP: 51/52 MP: 6/6
  2259 | D:3      | Found a runed translucent gate.
  2259 | D:3      | Found a runed translucent gate.
  2260 | D:3      | Identified the +8 chain mail of the Bruised Stories {rPois
                  | rF- Str+3 Dex+5}
  2260 | D:3      | Noticed SirDiesAlot's ghost (amateur OpFE)
  2261 | D:3      | Found a runed translucent gate.
  2284 | D:3      | Reached skill level 6 in Axes
  2289 | D:3      | Killed SirDiesAlot's ghost
  2395 | D:3      | Found a roughly hewn altar of Beogh.
  2581 | D:4      | Found a staircase to the Ecumenical Temple.
  2595 | Temple   | Entered the Ecumenical Temple
  2609 | Temple   | Became a worshipper of Warmaster Okawaru
  2640 | D:4      | Found a runed translucent door.
  2641 | D:4      | Noticed Crazy Yiuf
  2704 | D:4      | Reached XP level 7. HP: 60/60 MP: 7/7
  2733 | D:4      | Killed Crazy Yiuf
  2734 | D:4      | Reached skill level 7 in Axes
  3439 | D:4      | Noticed Edmund
  3452 | D:4      | Killed Edmund
  3453 | D:4      | Reached skill level 5 in Armour
  3915 | D:5      | Entered Level 5 of the Dungeon
  3925 | D:5      | Reached skill level 5 in Fighting
  3925 | D:5      | Reached skill level 8 in Axes
  3939 | D:5      | Reached XP level 8. HP: 68/68 MP: 8/8
  3939 | D:5      | Noticed Eustachio
  3957 | D:5      | Killed Eustachio
  3957 | D:5      | Reached * piety under Okawaru
  3958 | D:5      | Reached skill level 9 in Axes
  4317 | D:5      | Reached skill level 10 in Axes
  4346 | D:5      | Found a sparkling altar of Nemelex Xobeh.
  4390 | D:5      | Noticed Menkaure
  4398 | D:5      | Killed Menkaure
  4927 | D:6      | Found a hazy altar of Hepliaklqana.
  5017 | D:6      | Reached skill level 11 in Axes
  5017 | D:6      | Reached XP level 9. HP: 68/75 MP: 9/9
  5019 | D:6      | Reached ** piety under Okawaru
  5063 | D:6      | Found a blossoming altar of Fedhas.
  5206 | D:6      | Noticed Maggie
  5223 | D:6      | Killed Maggie
  5470 | D:6      | Found a shimmering blue altar of Sif Muna.
  5482 | D:6      | Reached skill level 12 in Axes
  5632 | D:7      | Reached skill level 5 in Shields
  5659 | D:7      | Noticed a hornet
  5666 | D:7      | Killed a hornet
  5666 | D:7      | Reached *** piety under Okawaru
  5812 | D:7      | Reached skill level 13 in Axes
  5812 | D:7      | Reached XP level 10. HP: 83/88 MP: 10/10
  5993 | D:8      | Found Zier's Distillery.
  5999 | D:8      | Noticed a centaur warrior
  6015 | D:8      | Killed a centaur warrior
  6016 | D:8      | Reached skill level 14 in Axes
  6423 | D:8      | Found an opulent altar of Gozag.
  6561 | D:9      | Noticed a two-headed ogre
  6568 | D:9      | Killed a two-headed ogre
  6568 | D:9      | Reached **** piety under Okawaru
  6725 | D:9      | Found an ornate altar of the Wu Jian Council.
  6836 | D:10     | Entered Level 10 of the Dungeon
  6958 | D:10     | Noticed Josephine
  6975 | D:10     | Killed Josephine
  6976 | D:10     | Reached skill level 15 in Axes
  6976 | D:10     | Reached XP level 11. HP: 93/95 MP: 11/13
  7000 | D:10     | Reached ***** piety under Okawaru
  7001 | D:10     | Reached skill level 1 in Stealth
  7194 | D:10     | Paralysed by a hornet for 2 turns
  7376 | D:10     | Found a staircase to the Lair.
  7689 | D:10     | Reached skill level 5 in Invocations
  7894 | D:10     | Received a gift from Okawaru
  7901 | D:10     | Reached skill level 16 in Axes
  8468 | D:11     | Reached skill level 10 in Fighting
  8672 | D:11     | Received a gift from Okawaru
  8673 | D:11     | Reached XP level 12. HP: 101/106 MP: 16/16
  8782 | D:11     | Found a staircase to the Orcish Mines.
  9241 | D:11     | Found a glowing silver altar of Zin.
  9509 | D:12     | Noticed a boulder beetle
  9522 | D:12     | Killed a boulder beetle
  9587 | D:12     | Noticed a two-headed ogre
  9596 | D:12     | Killed a two-headed ogre
  9596 | D:12     | Received a gift from Okawaru
  9646 | D:12     | Noticed a two-headed ogre
  9655 | D:12     | Killed a two-headed ogre
  9748 | D:12     | Reached skill level 1 in Throwing
  9758 | D:12     | Noticed a sun demon
  9759 | D:12     | Reached skill level 10 in Armour
 10046 | D:12     | Noticed Lodul
 10156 | D:14     | Identified the "Dyfey"
 10156 | Lair:1   | Entered Level 1 of the Lair of Beasts
 10165 | Lair:1   | Reached skill level 17 in Axes
 10368 | Lair:1   | Reached ****** piety under Okawaru
 10369 | Lair:1   | Reached XP level 13. HP: 115/117 MP: 19/19
 10369 | Lair:1   | Acquired the +8 mithril axe "Arga" {speed, Will+}
 10369 | Lair:1   | Received a gift from Okawaru
 10369 | Lair:1   | Found the +8 mithril axe "Arga" {speed, Will+}
 10371 | Lair:1   | Acquired the +5 gold dragon scales "Hero's Friend" {Rampage
                  | *Corrode rPois rF+ rC+ Regen+}
 10371 | Lair:1   | Received a gift from Okawaru
 10543 | Lair:1   | Received a gift from Okawaru
 11203 | Lair:2   | Noticed Erica
 11213 | Lair:2   | Killed Erica
 11233 | Lair:2   | Received a gift from Okawaru
 11235 | Lair:2   | Noticed Nergalle
 11252 | Lair:2   | Killed Nergalle
 11409 | Lair:2   | Found a staircase to the Shoals.
 11426 | Lair:2   | Reached skill level 18 in Axes
 11426 | Lair:2   | Reached skill level 1 in Polearms
 11549 | Lair:2   | Found a staircase to the Snake Pit.
 11963 | Lair:3   | Reached skill level 10 in Invocations
 12059 | Lair:3   | Received a gift from Okawaru
 12318 | Lair:3   | Noticed Amaemon
 12328 | Lair:3   | Killed Amaemon
 12454 | Lair:4   | Found a staircase to the Slime Pits.
 12621 | Lair:4   | Reached XP level 14. HP: 129/129 MP: 21/21
 12645 | Lair:4   | Received a gift from Okawaru
 12805 | Lair:4   | Identified the +1 ring mail "Owyetiam" {rC+ Int+3 Slay+2}
 12888 | Lair:4   | Reached skill level 19 in Axes
 13133 | Lair:5   | Entered Level 5 of the Lair of Beasts
 13165 | Lair:5   | Received a gift from Okawaru
 13237 | Lair:5   | Noticed Snorg
 13252 | Lair:5   | Killed Snorg
 13336 | Lair:5   | Received a gift from Okawaru
 13708 | Lair:5   | Found a basalt altar of Yredelemnul.
 13772 | Lair:5   | Noticed Kirke
 13785 | Lair:5   | Killed Kirke
 13844 | Lair:5   | Noticed a dire elephant
 13893 | Lair:5   | Received a gift from Okawaru
 13894 | Lair:5   | Reached skill level 20 in Axes
 13917 | Lair:5   | Reached skill level 15 in Fighting
 13941 | Lair:5   | Identified the +7 trident of the Dancing Asp {protect,
                  | rPois rF+ Int-2}
 14127 | Lair:5   | Reached XP level 15. HP: 116/137 MP: 22/22
 14217 | Lair:5   | Received a gift from Okawaru
 14653 | Orc:1    | Entered Level 1 of the Orcish Mines
 14698 | Orc:1    | Reached skill level 1 in Hexes
 14872 | Orc:1    | Found Ucoink's Book Shop.
 15041 | Orc:1    | Bought a Grand Grimoire for 442 gold pieces
 15041 | Orc:1    | Bought a book of the Hunter for 468 gold pieces
 15058 | Orc:2    | Entered Level 2 of the Orcish Mines
 15070 | Orc:2    | Found a roughly hewn altar of Beogh.
 15086 | Orc:2    | Learned a level 4 spell: Leda's Liquefaction
 15353 | Orc:2    | Found Duahyu Nufo's Jewellery Boutique.
 15353 | Orc:2    | Found Qagickok's Weapon Boutique.
 15353 | Orc:2    | Found Jeuvineg's Antique Weapon Shop.
 15362 | Orc:2    | HP: 7/144 [orc priest/divine providence (9)]
 15363 | Orc:2    | Killed from afar by an orc priest

Illustrated notes

Levels and vault maps discovered:
D:1:      psy_arrival_fountain, layout_basic
D:2:      layout_rooms
D:3:      layout_loops_ring, mainiacjoe_overflow_divided_tiny,
          biasface_ghost_orc_armoury, minmay_misc_feat_nine_boxes
D:4:      layout_basic, minmay_temple_entry_overgrown,
          hangedman_abyss_or_decor_passed, uniq_crazy_yiuf_cottage, uniq_edmund
D:5:      layout_loops_cross, nemelex_spade_bored_becter, serial_aquarium,
          aquarium_bridge_square [aquarium_subvault_window,
          aquarium_subvault_wall, aquarium_subvault_bridge,
          aquarium_subvault_wall], aquarium_bridge_square
          [aquarium_subvault_wall, aquarium_subvault_window,
          aquarium_subvault_bridge, aquarium_subvault_wall], aquarium_window_1,
          aquarium_window_2, aquarium_window_1, aquarium_view_2d,
          aquarium_balcony_3b, aquarium_pool_S, uniq_menkaure, uniq_eustachio
D:6:      layout_basic, mainiacjoe_overflow_tiny_flanked,
          fedhas_bush_and_centaur_altar, kennysheep_orc_sif_temple,
          dreamdust_gnoll_farm, uniq_maggie
D:7:      layout_rooms
D:8:      layout_rooms, lemuel_round_altar, serial_shops, shop
D:9:      layout_cross, mainiacjoe_overflow_chevrons
D:10:     layout_basic, lair_entry_dummy, serial_undead, serial_undead_b,
          serial_undead_e, serial_undead_b, serial_undead_b, serial_undead_a,
          grunt_ministairs_9, minivault_19, chequers_serial_rivers_large_a,
          st_stairs_9, uniq_josephine
D:11:     layout_stronghold, kennysheep_orc_monster_closet_entryway,
          zin_scriptorium
D:12:     layout_grid_maze, uniq_lodul
Temple:   zaba_magenta_temple
Lair:1:   layout_regular_city, disabler_island
Lair:2:   layout_regular_city, minmay_shoals_entry_lonely_mermaid,
          dummy_snake_entry, beast_lair_carwin_2, infiniplex_staircase_pool_2,
          uniq_nergalle, uniq_erica
Lair:3:   layout_long_grid, uniq_amaemon
Lair:4:   layout_big_grid, nicolae_slime_entry_slimehenge, serial_bayou_shore_a
Lair:5:   due_jungle_book, layout_gridlike, basic_altar, st_stairs_9,
          uniq_snorg, uniq_kirke
Orc:1:    layout_caves, serial_shops, shop
Orc:2:    st_orc_mages, layout_caves, basic_altar, nicolae_orc_flooded_monolith

Skill      XL: |  1  2  3  4  5  6  7  8  9 10 11 12 13 14 15 |
---------------+----------------------------------------------+-----
Fighting       | 4 5 6 7 8 10 11 13 15 16 | 16.0
Axes           | 3 4 5 6 8 11 13 15 16 17 18 20 | 20.5
Shields        | 4 5 6 7 8 |  8.9
Armour         | 4 5 6 7 8 9 10 11 12 | 12.8
Dodging        | 1 2 3 |  3.5
Invocations    | 3 6 8 10 | 10.2
Stealth        | 1 |  1.3
Throwing       | 1 |  1.2
Polearms       | 2 |  2.4
Hexes          | 1 |  1.1
Maces & Flails | |  0.8
Spellcasting   | |  0.7
Evocations     | |  0.3

Action                     |  1- 3 |  4- 6 |  7- 9 | 10-12 | 13-15 || total
---------------------------+-------+-------+-------+-------+-------++-------
  Melee: War axe           |    92 |   174 |   270 |   554 |       ||  1090
         Broad axe         |       |       |       |       |   705 ||   705
         Mace              |       |       |       |       |    47 ||    47
  Throw: Javelin           |       |       |       |     5 |       ||     5
         Boomerang         |       |       |       |       |     2 ||     2
 Invoke: Heroism           |       |       |     1 |     4 |     2 ||     7
         Receive Weapon    |       |       |       |       |     1 ||     1
         Receive Armour    |       |       |       |       |     1 ||     1
         Finesse           |       |       |       |       |     2 ||     2
  Evoke: Wand              |       |       |       |     3 |     2 ||     5
    Use: Scroll            |       |       |       |    12 |       ||    12
         Potion            |       |       |       |       |     4 ||     4
 Armour: Scale mail        |    78 |    37 |       |       |       ||   115
         Chain mail        |       |   104 |   174 |   488 |       ||   766
         Gold dragon scale |       |       |       |       |   549 ||   549
  Dodge: Dodged            |    56 |    68 |   105 |   231 |   170 ||   630
  Block: Buckler           |    28 |    34 |    65 |   180 |   125 ||   432

Table legend: (Time is in decaauts)
 A = Elapsed time spent in this place.
 B = Non-inter-level travel time spent in this place.
 C = Inter-level travel time spent in this place.
 D = Time resting spent in this place.
 E = Time spent auto-exploring this place.
 F = Levels seen in this place.
 G = Mean time per level.
                   A        B        C        D        E       F      G
               +--------+--------+--------+--------+--------+-----+--------+
         Total |  14982 |  14289 |    693 |      5 |  11431 |  20 |  749.1 |
       Dungeon |  10190 |   9776 |    414 |      0 |   7833 |  12 |  849.2 |
        Temple |     27 |     15 |     12 |      0 |      0 |   1 |   27.0 |
          Lair |   4117 |   3906 |    211 |      5 |   3114 |   5 |  823.4 |
  Orcish Mines |    646 |    591 |     55 |      0 |    483 |   2 |  323.0 |
               +--------+--------+--------+--------+--------+-----+--------+

Top non-repeatable levels by time:
    D:10: 1623 daAuts
     D:4: 1317 daAuts
  Lair:5: 1220 daAuts
    D:11: 1129 daAuts
     D:3: 1059 daAuts
     D:5: 909 daAuts
     D:1: 889 daAuts
  Lair:1: 858 daAuts
  Lair:2: 793 daAuts
     D:2: 711 daAuts
     D:6: 703 daAuts
  Lair:4: 678 daAuts
  Lair:3: 567 daAuts
    D:12: 559 daAuts
     D:8: 474 daAuts
